 Dungeon Crawl Stone Soup version 0.19.4 (webtiles) character file.

5691 Gargoyl the Protected (level 10, -14/86 HPs)
             Began as a Ghoul Abyssal Knight on Jan 31, 2017.
             Was an Elder of Lugonu.
             Demolished by a komodo dragon (18 damage)
             ... on level 1 of the Lair of Beasts.
             The game lasted 00:20:54 (7597 turns).

Gargoyl the Protected (Ghoul Abyssal Knight)        Turns: 7597, Time: 00:20:55

Health: -14/86     AC: 18    Str: 20 (21) XL:     10   Next: 76%
Magic:  14/14      EV: 13    Int:  7      God:    Lugonu [****..]
Gold:   302        SH:  4    Dex: 15      Spells: 0 memorised, 9 levels left

rFire  . . .     SeeInvis +     t - +3 war axe
rCold  + . .     Gourm    .     s - +0 chain mail {MR+}
rNeg   + + +     Faith    .     z - +0 buckler
rPois  ∞         Spirit   .     f - +2 helmet
rElec  .         Reflect  .     u - +0 cloak
rCorr  .         Harm     .     k - +0 pair of gloves
MR     +....                    j - +0 pair of boots
Stlth  ..........               (no amulet)
                                B - ring of see invisible
                                p - +3 ring of strength

@: agile, rotting
A: rotting body, claws 1, carnivore 3, cold resistance 1, negative energy
resistance 3, slow regeneration 1, torment resistance, unbreathing
a: Depart the Abyss, Bend Space, Banish, Corrupt, Renounce Religion


You were on level 1 of the Lair of Beasts.
You worshipped Lugonu.
Lugonu was greatly pleased with you.
You were not hungry.

You visited 2 branches of the dungeon, and saw 9 of its levels.
You visited the Abyss 1 time.

You collected 512 gold pieces.
You spent 210 gold pieces at shops.

Inventory:

Hand Weapons
 a - a +2 hand axe
 t - a +3 war axe (weapon)
Missiles
 E - 6 poisoned javelins (quivered)
Armour
 f - a +2 helmet (worn)
 j - a +0 pair of boots (worn)
 k - a +0 pair of gloves (worn)
 s - a +0 chain mail of magic resistance (worn)
 u - a +0 cloak (worn)
 z - a +0 buckler (worn)
Jewellery
 l - an uncursed ring of ice
 p - a +3 ring of strength (left hand)
 B - a ring of see invisible (right hand)
Scrolls
 o - a scroll of teleportation
 q - 4 scrolls of remove curse
 r - 2 scrolls of magic mapping
 v - a scroll of amnesia
 y - a scroll of blinking
 C - a scroll of fog
 D - 3 scrolls of identify
Potions
 b - a potion of flight
 e - a potion of cancellation
 h - a potion of experience {unknown}
 i - a potion of brilliance
 m - a potion of lignification
 n - a potion of mutation
 F - a potion of agility
Books
 G - a book of Air

   Spells                             Type                      Level
   a - Shock                          Conjuration/Air              1
   b - Swiftness                      Charms/Air                   2
   c - Repel Missiles                 Charms/Air                   2
   d - Static Discharge               Conjuration/Air              3
   e - Lightning Bolt                 Conjuration/Air              5
Comestibles
 c - 5 meat rations
 d - 2 slices of pizza
 g - 9 royal jellies
 A - 4 beef jerkies


   Skills:
 + Level 7.0 Fighting
 + Level 8.3 Axes
 * Level 8.4 Armour
 + Level 2.5 Dodging
 + Level 1.5 Shields
 * Level 7.8 Invocations


You had 9 spell levels left.
You didn't know any spells.

Dungeon Overview and Level Annotations

Branches:
Dungeon (8/15)             Temple (0/1) D:4            Lair (1/6) D:8

Altars:
Ashenzari
Cheibriados
Elyvilon
Fedhas
Gozag
Nemelex Xobeh
Okawaru
Ru
Trog
Vehumet
Yredelemnul

Shops:
D:5 [   D:6 (


Innate Abilities, Weirdness & Mutations

Your body is rotting away.
You thrive on raw meat.
You are immune to poison.
You have sharp fingernails.
You are carnivorous and can eat meat at any time.
Your flesh is cold resistant. (rC+)
You are immune to negative energy. (rN+++)
You regenerate slowly when monsters are visible.
You are immune to unholy pain and torment.
You can survive without breathing.


Message History

The komodo dragon bites you but does no damage.
Your shield and chain mail prevent you from hitting the komodo dragon.
The komodo dragon is heavily wounded.
The komodo dragon bites you but does no damage.
You hit the komodo dragon but do no damage.
The komodo dragon is heavily wounded.
The komodo dragon bites you but does no damage.
You hit the komodo dragon but do no damage.
The komodo dragon is heavily wounded.
The komodo dragon bites you!
* * * LOW HITPOINT WARNING * * *
You slash the komodo dragon!
The komodo dragon is almost dead.
The komodo dragon bites you!
* * * LOW HITPOINT WARNING * * *
It was a potion of agility.
You feel agile all of a sudden.
The komodo dragon hisses menacingly.
The komodo dragon bites you!!
You die...

#..................
#................##
#................#
#................#
##..............##
#...........####
##......#####
#####..# #@.# ##l##
######F##
#P...YH###
##.......#
#.......(#
#.......(#
##......## #..
#......# #...


You could see a komodo dragon, a hippogriff, a yak and a bullfrog.

Vanquished Creatures
  A black mamba (Lair:1)
  A hornet (D:8)
  A hippogriff (D:6)
  6 yaks
  2 soldier ants (D:8)
  4 porcupines
  A water moccasin (Lair:1)
  3 black bears
  An ice beast (D:3)
  A sky beast (D:5)
  2 ogres
  A centaur (D:6)
  2 phantoms (D:7)
  5 crocodiles
  4 bullfrogs
  A gnoll sergeant (D:7)
  2 scorpions
  4 wights (D:8)
  A howler monkey (D:7)
  A centaur zombie (D:7)
  3 crimson imps (D:7)
  2 jellies
  2 orc wizards
  Crazy Yiuf (D:5)
  A gnoll shaman (D:7)
  3 hounds
  Ijyb (D:3)
  An iguana (D:4)
  8 worker ants
  A killer bee zombie (D:6)
  2 worker ant zombies
  11 adders
  3 gnolls (D:6)
  2 river rats (D:8)
  A shadow imp (D:7)
  An adder zombie (D:7)
  An adder skeleton (D:8)
  4 worms
  A dart slug (D:3)
  6 leopard geckos
  15 orcs
  3 ball pythons
  5 giant cockroaches
  13 goblins
  12 hobgoblins
  17 jackals
  4 quokkas
  6 bats
  5 frilled lizards
  2 kobolds (D:1)
  6 rats
187 creatures vanquished.

Vanquished Creatures (others)
  The ghost of maxonian the Impaler, a novice MfGl of Hepliaklqana (Lair:1)
  A yak (D:7)
  A crocodile (D:8)
  3 bushes (D:8)
  3 fungi (D:8)
  8 plants
17 creatures vanquished.

Grand Total: 204 creatures vanquished

Notes
Turn   | Place    | Note
-------+----------+-------------------------------------------
     0 | Abyss:1  | Gargoyl the Ghoul Abyssal Knight began the quest for the Orb.
     0 | Abyss:1  | Reached XP level 1. HP: 19/19 MP: 1/1
    28 | Abyss:1  | Found a shadowy altar of Dithmenos.
    52 | Abyss:1  | Noticed a small abomination
    89 | Abyss:1  | Noticed a raiju
    96 | Abyss:2  | Found a corrupted altar of Lugonu.
    99 | Abyss:2  | Noticed a starcursed mass
   115 | D:1      | Escaped the Abyss
   336 | D:1      | Reached XP level 2. HP: 26/26 MP: 2/2
   343 | D:1      | Reached * piety under Lugonu
   736 | D:2      | Reached XP level 3. HP: 31/31 MP: 3/3
  1295 | D:2      | Reached XP level 4. HP: 33/40 MP: 4/4
  1487 | D:3      | Reached ** piety under Lugonu
  1535 | D:3      | Found a blossoming altar of Fedhas.
  1710 | D:3      | Reached XP level 5. HP: 36/46 MP: 6/6
  1739 | D:3      | Found a shattered altar of Ashenzari.
  1743 | D:3      | Saw a vision of the Swamp and the Snake Pit.
  1743 | D:3      | Noticed a swamp drake
  1743 | D:3      | Noticed an alligator
  1743 | D:3      | Noticed an alligator
  1743 | D:3      | Noticed an alligator
  1743 | D:3      | Noticed an alligator
  1743 | D:3      | Noticed an alligator
  1743 | D:3      | Noticed a guardian serpent
  1743 | D:3      | Noticed a black mamba
  1743 | D:3      | Noticed a black mamba
  1743 | D:3      | Noticed a black mamba
  1743 | D:3      | Noticed a guardian serpent
  1743 | D:3      | Noticed an anaconda
  1743 | D:3      | Noticed a naga mage
  1743 | D:3      | Noticed a naga sharpshooter
  1743 | D:3      | Noticed a naga
  1744 | D:3      | Noticed an alligator
  1744 | D:3      | Noticed an anaconda
  1745 | D:3      | Noticed a black mamba
  1745 | D:3      | Noticed a swamp drake
  1746 | D:3      | Noticed an alligator
  1881 | D:3      | Noticed an ice beast
  1904 | D:3      | Killed an ice beast
  1904 | D:3      | Reached skill level 1 in Dodging
  2103 | D:3      | Noticed Ijyb
  2116 | D:3      | Killed Ijyb
  2116 | D:3      | Reached XP level 6. HP: 50/52 MP: 7/7
  2378 | D:4      | Found a staircase to the Ecumenical Temple.
  2488 | D:4      | Found an iron altar of Okawaru.
  2527 | D:4      | Reached *** piety under Lugonu
  2614 | D:4      | Reached XP level 7. HP: 55/59 MP: 8/8
  2747 | D:5      | Entered Level 5 of the Dungeon
  2788 | D:5      | Found Jyci Zam's Antique Armour Shop.
  2871 | D:5      | Bought a runed chain mail for 210 gold pieces
  3116 | D:5      | Found a runed door.
  3120 | D:5      | Noticed Crazy Yiuf
  3137 | D:5      | Killed Crazy Yiuf
  3144 | D:5      | Got a smoking mace
  3150 | D:5      | Identified the +3 mace of Arbitration {crush, Int+2} (You found it on level 5 of the Dungeon)
  3430 | D:5      | Reached skill level 5 in Axes
  3430 | D:5      | Reached XP level 8. HP: 44/67 MP: 10/10
  3463 | D:6      | Reached skill level 5 in Armour
  3770 | D:6      | Noticed a hippogriff
  3783 | D:6      | Killed a hippogriff
  4061 | D:6      | Reached skill level 5 in Invocations
  4087 | D:6      | Found a sparkling altar of Nemelex Xobeh.
  4126 | D:6      | Found Sehaepso's Weapon Emporium.
  4217 | D:6      | Found a bloodstained altar of Trog.
  4220 | D:6      | Found an opulent altar of Gozag.
  4643 | D:7      | Reached **** piety under Lugonu
  4658 | D:7      | Found a basalt altar of Yredelemnul.
  4691 | D:7      | Got a spiked scale mail
  4692 | D:7      | Identified the +2 scale mail of the Tuna {MP+9} (You found it on level 7 of the Dungeon)
  4948 | D:7      | Reached skill level 5 in Fighting
  5268 | D:7      | Reached XP level 9. HP: 48/74 MP: 12/12
  5743 | D:8      | Found a radiant altar of Vehumet.
  5745 | D:8      | Found a white marble altar of Elyvilon.
  5746 | D:8      | Found a sacrificial altar of Ru.
  5877 | D:8      | Found a snail-covered altar of Cheibriados.
  5948 | D:8      | Noticed a hornet
  5956 | D:8      | Killed a hornet
  6031 | D:8      | Reached ***** piety under Lugonu
  6062 | D:8      | HP: 2/75 [crocodile (6)]
  6548 | D:7      | Reached XP level 10. HP: 53/81 MP: 14/14
  6592 | D:7      | Reached skill level 1 in Shields
  6730 | D:8      | Found a bloodstained altar of Trog.
  6856 | D:8      | Found a staircase to the Lair.
  6873 | D:8      | Found a basalt altar of Yredelemnul.
  6975 | Lair:1   | Entered Level 1 of the Lair of Beasts
  7167 | Lair:1   | Noticed maxonian's ghost (novice MfGl)
  7196 | Lair:1   | Banished maxonian's ghost
  7543 | Lair:1   | Noticed a black mamba
  7572 | Lair:1   | Killed a black mamba
  7596 | Lair:1   | HP: 3/86 [komodo dragon (17)]
  7597 | Lair:1   | Demolished by a komodo dragon

Skill      XL: |  1  2  3  4  5  6  7  8  9 10 |
---------------+-------------------------------+-----
Armour         | 2 3 4 6 7 8 |  8.4
Axes           | 2 3 4 5 6 7 8 |  8.3
Fighting       | 4 5 6 7 |  7.0
Dodging        | 1 2 |  2.5
Invocations    | 3 4 5 6 7 |  7.8
Shields        | 1 |  1.5

Action                   |  1- 3 |  4- 6 |  7- 9 | 10-12 || total
-------------------------+-------+-------+-------+-------++-------
Melee: Hand axe          |   153 |   178 |   141 |       ||   472
       War axe           |       |       |   359 |   144 ||   503
Invok: Depart the Abyss  |     1 |       |       |       ||     1
       Bend Space        |       |       |     1 |       ||     1
       Banish            |       |       |     2 |     2 ||     4
  Use: Scroll            |     3 |     8 |     8 |     2 ||    21
       Potion            |       |       |     6 |     9 ||    15
  Eat: Chunk             |    19 |    26 |    44 |    20 ||   109
       Meat ration       |     1 |     1 |       |       ||     2
Armor: Plate armour      |   133 |   170 |     8 |       ||   311
       Chain mail        |       |       |   409 |    99 ||   508
Dodge: Dodged            |    46 |    57 |   228 |    69 ||   400
Block: Buckler           |       |       |    28 |    27 ||    55
